AoeStats
← waLLefps.

Black Forest

507585268Analyzed
4v4 RM · 12d ago on Sep 18, 2026· 18m 48s· 8 players
Game mode
Random Map
Map size
Large (8 player)
Population
200
Speed
Normal
Resources
Standard
Victory
Conquest
Starting age
Dark Age
Ending age
Imperial Age
RankedLock teamsTeams togetherTeam positionsShared explorationLock speedFull tech treeHidden civsTurbo modeCheats
Victory
Defeat
🇫🇷 Georgians · France
1402
+17
🇨🇦 Khmer · Canada
1384
+18
🇵🇰 Mongols · Pakistan
1369
+18
🇨🇦 Britons · Canada
1351
+19
🇹🇷 Persians · Türkiye
1489
-21
🇹🇷 Malay · Türkiye
1465
-20
🇹🇷 Muisca · Türkiye
1406
-17
🇹🇷 Goths · Türkiye
1316
-14
FxSquale
2:15 Loom
6:59 Loom
12:29 Feudal Age
16:09 Castle Age
14:31 Double-Bit Axe
17:12 Bow Saw
19:11 Wheelbarrow
Squittlez
0:51 Loom
11:15 Feudal Age
13:43 Double-Bit Axe
15:01 Stone Mining
Corsica
0:31 Loom
12:45 Feudal Age
16:22 Castle Age
15:36 Double-Bit Axe
15:32 Horse Collar
18:36 Wheelbarrow
bilalnizamani001
4:42 Loom
8:48 Feudal Age
9:32 Double-Bit Axe
10:40 Horse Collar
16:16 Wheelbarrow
20:06 Castle Age
18:26 Gold Mining
klostrofobikköstebek
11:09 Feudal Age
15:16 Castle Age
14:23 Double-Bit Axe
14:53 Horse Collar
Tameryig1t
2:08 Loom
12:02 Feudal Age
waLLefps.
3:47 Loom
14:54 Feudal Age
Fırtına
7:12 Loom
11:18 Feudal Age
11:50 Double-Bit Axe
17:22 Horse Collar
19:46 Castle Age
18:46 Stone Mining
18:53 Gold Mining
Connection lost

Rejoining the realm…

Still unreachable

The connection could not be restored.

Session expired

The server has moved on; the page needs a fresh start.